 Dungeon Crawl Stone Soup version 0.28.0-43-g3370ac3207 (webtiles) character file.

Game seed: 4616222780220937454

732 jimonade the Charlatan (level 7, 0/60 HPs)
             Began as a Gnoll Wanderer on Mar 13, 2022.
             Was an Initiate of Ashenzari.
             Succumbed to an orc wizard's poison
             ... on level 4 of the Dungeon.
             The game lasted 00:12:10 (3950 turns).

jimonade the Charlatan (Gnoll Wanderer)             Turns: 3950, Time: 00:12:11

Health: 0/60       AC: 11    Str: 12    XL:     7   Next: 73%
Magic:  11/11      EV: 11    Int: 10    God:    Ashenzari [......]
Gold:   141        SH:  0    Dex: 14    Spells: 11/11 levels left

rFire   + . .      SeeInvis .   r - +7 quarterstaff "Noonn" {freeze, Contam rPois rC+ rCorr}
rCold   + . .      Faith    .   (shield currently unavailable)
rNeg    . . .      Spirit   .   w - +2 ring mail {rF+}
rPois   +          Reflect  .   D - +2 hat
rElec   .          Harm     .   A - +1 cloak {rCorr}
rCorr   +          Rampage  .   (no gloves)
Will    .....                   (no boots)
Stlth   ++........              (no amulet)
HPRegen 0.20/turn               (no ring)
MPRegen 0.12/turn               (no ring)

@: lethally poisoned (0 -> -8)
A: fangs 1, strong nose, distributed training
a: Renounce Religion


You were on level 4 of the Dungeon.
You worshipped Ashenzari.
Ashenzari was noncommittal.
You visited 1 branch of the dungeon, and saw 4 of its levels.

You collected 141 gold pieces.

Inventory:

Hand Weapons
 a - a +2 mace
 b - a +0 hunting sling
 l - a +0 short sword of flaming
 p - a +0 scythe
 r - the +7 quarterstaff "Noonn" (weapon) {freeze, Contam rPois rC+ rCorr}
   (You found it on level 2 of the Dungeon)

   It freezes those it strikes, dealing additional cold damage.
   It can also slow down cold-blooded creatures.
   rC:        It protects you from cold.
   rPois:     It protects you from poison.
   Contam:    It causes magical contamination when unequipped.
   rCorr:     It protects you from acid and corrosion.
 s - a +0 trident
 z - a +3 quarterstaff of chaos
 C - a +1 antimagic whip
Missiles
 c - 36 sling bullets
 e - 8 poisoned darts
 f - 110 stones (quivered)
 y - 2 boomerangs
Armour
 q - a +2 robe of fire resistance
 w - a +2 ring mail of fire resistance (worn)
 A - a +1 cloak of preservation (worn)
 D - a +2 hat (worn)
Wands
 d - a wand of flame (6)
Scrolls
 g - a scroll of fear {unknown}
 j - a scroll of blinking {unknown}
 k - 3 scrolls of identify {unknown}
 n - a scroll of enchant weapon {unknown}
 t - 2 scrolls of vulnerability {unknown}
 u - a scroll of brand weapon {unknown}
 E - a scroll of teleportation {unknown}
 F - a scroll of magic mapping {unknown}
Potions
 h - a potion of berserk rage {unknown}
 i - a potion of brilliance {unknown}
 m - 2 potions of curing {unknown}
 o - a potion of heal wounds {unknown}
 v - a potion of lignification {unknown}
 x - a potion of invisibility {unknown}
 B - a potion of mutation {unknown}
 G - a potion of ambrosia {unknown}


   Skills:
 + Level 7.1 Fighting
 + Level 2.6 Short Blades
 + Level 2.6 Long Blades
 + Level 2.6 Axes
 + Level 5.3 Maces & Flails
 + Level 2.6 Polearms
 + Level 2.6 Staves
 + Level 3.7 Slings
 + Level 2.6 Bows
 + Level 2.6 Crossbows
 + Level 2.6 Throwing
 + Level 2.6 Armour
 + Level 2.6 Dodging
 + Level 3.6 Stealth
 + Level 2.6 Shields
 + Level 2.6 Unarmed Combat
 + Level 2.6 Spellcasting
 + Level 2.1 Conjurations
 + Level 2.1 Hexes
 + Level 2.1 Summonings
 + Level 2.1 Necromancy
 + Level 2.1 Translocations
 + Level 2.1 Transmutations
 + Level 2.1 Fire Magic
 + Level 2.1 Ice Magic
 + Level 2.1 Air Magic
 + Level 2.1 Earth Magic
 + Level 2.1 Poison Magic
 + Level 3.0 Invocations
 + Level 7.1 Evocations


You had 11 spell levels left.
You didn't know any spells.
Your spell library contained the following spells:

 Spells                   Type           Power      Damage    Failure   Level
 Ensorcelled Hibernation  Hex/Ice        10%        N/A       36%         2
 Passwall                 Tmut/Erth      4%         N/A       36%         2
 Swiftness                Air            5%         N/A       61%         3


Dungeon Overview and Level Annotations

Branches:
Dungeon (4/15)
 Temple: D:4-7

Altars:
Ashenzari
Elyvilon
Nemelex Xobeh
Ru
Vehumet


Innate Abilities, Weirdness & Mutations

You have very sharp teeth.
Your uncanny sense of smell can sniff out nearby items.
Your experience applies equally to all skills.


Message History

The orc hits you with a +1 short sword of speed.
* * * LOW HITPOINT WARNING * * *
The black bear barely misses you.
The black bear claws you but does no damage.
The black bear claws you.
* * * LOW HITPOINT WARNING * * *
The orc barely misses you.
You sock the black bear! You freeze the black bear.
The black bear is almost dead.
The black bear goes berserk!
The orc closely misses you.
Unknown command.
You sock the black bear! You freeze the black bear.
You kill the black bear!
The orc barely misses you. The orc hits you but does no damage.
Your Invocations skill increases to level 3!
You barely miss the orc.
The orc hits you with a +1 short sword of speed.
* * * LOW HITPOINT WARNING * * *
The orc barely misses you.
You closely miss the orc. The orc hits you but does no damage.
You sock the orc! You freeze the orc.
You kill the orc!
The orc wizard misses you.
You sock the orc wizard! You freeze the orc wizard.
The orc wizard is almost dead.
The orc wizard points at you and mumbles some strange words.
You resist with some effort.
You completely miss the orc wizard.
The orc wizard is almost dead.
The orc wizard gestures at you while chanting.
You resist with some effort.
You closely miss the orc wizard.
The orc wizard is almost dead.
The orc wizard hits you with a +2 dagger of venom.
* * * LOW HITPOINT WARNING * * *
You are lethally poisoned!
The orc wizard closely misses you.
You thump the orc wizard! You freeze the orc wizard.
You kill the orc wizard!
You die...

.########...## #.....#
.##....##....#######.....#
.##..........#....#......#
.##.........#.....#......#
..#.........+.....#......#
.##....###+###....#......#
.##....##. #....#......#
........... #....#......#
............ #..@)###'####
............ ####)##.....#
.......###+# #...........#
.#####+# ##...........#
+###.. ...............#
...... ........##....##
..... ..########....##
.... # #.....# ..# #.....#


There were no monsters in sight!

Vanquished Creatures
  Sigmund (D:2)
  A black bear (D:4)
  An ogre (D:3)
  An orc priest (D:3)
  Ijyb (D:4)
  Crazy Yiuf (D:3)
  Jessica (D:2)
  3 orc wizards (D:4)
  Natasha (thrice) (D:2)
  Terence (D:2)
  6 adders
  2 dart slugs
  7 orcs
  3 bats
  5 endoplasms
  2 giant cockroaches (D:1)
  8 hobgoblins
  8 jackals (D:3)
  10 kobolds
  6 quokkas
  6 ball pythons
  2 frilled lizards (D:1)
  7 goblins
  9 rats
95 creatures vanquished.

Notes
Turn   | Place    | Note
-------+----------+-------------------------------------------
     0 | D:1      | jimonade the Gnoll Wanderer began the quest for the Orb.
     0 | D:1      | jimonade set off with the following items: a +2 mace, a +0
                  | hunting sling, 16 sling bullets, a wand of flame (6), a +0
                  | robe
     0 | D:1      | Reached XP level 1. HP: 23/23 MP: 1/1
   108 | D:1      | Reached XP level 2. HP: 29/29 MP: 2/2
   460 | D:1      | Found a faded altar of an unknown god.
  1115 | D:2      | Noticed Terence
  1174 | D:2      | Reached XP level 3. HP: 35/35 MP: 3/3
  1278 | D:2      | Noticed Sigmund
  1288 | D:2      | Killed Sigmund
  1289 | D:2      | Reached skill level 1 in Short Blades
  1289 | D:2      | Reached skill level 1 in Long Blades
  1289 | D:2      | Reached skill level 1 in Axes
  1289 | D:2      | Reached skill level 1 in Polearms
  1289 | D:2      | Reached skill level 1 in Staves
  1289 | D:2      | Reached skill level 1 in Bows
  1289 | D:2      | Reached skill level 1 in Crossbows
  1289 | D:2      | Reached skill level 1 in Throwing
  1289 | D:2      | Reached skill level 1 in Armour
  1289 | D:2      | Reached skill level 1 in Dodging
  1289 | D:2      | Reached skill level 1 in Shields
  1289 | D:2      | Reached skill level 1 in Unarmed Combat
  1289 | D:2      | Reached skill level 1 in Spellcasting
  1289 | D:2      | Reached skill level 1 in Conjurations
  1289 | D:2      | Reached skill level 1 in Hexes
  1289 | D:2      | Reached skill level 1 in Summonings
  1289 | D:2      | Reached skill level 1 in Necromancy
  1289 | D:2      | Reached skill level 1 in Translocations
  1289 | D:2      | Reached skill level 1 in Transmutations
  1289 | D:2      | Reached skill level 1 in Fire Magic
  1289 | D:2      | Reached skill level 1 in Ice Magic
  1289 | D:2      | Reached skill level 1 in Air Magic
  1289 | D:2      | Reached skill level 1 in Earth Magic
  1289 | D:2      | Reached skill level 1 in Poison Magic
  1289 | D:2      | Reached skill level 1 in Invocations
  1289 | D:2      | Reached XP level 4. HP: 41/41 MP: 4/6
  1289 | D:2      | Reached XP level 5. HP: 47/47 MP: 4/7
  1456 | D:2      | Identified the +7 quarterstaff "Noonn" {freeze, Contam
                  | rPois rC+ rCorr}
  1466 | D:2      | Noticed Natasha
  1491 | D:2      | Killed Natasha
  1526 | D:2      | Noticed Natasha
  1530 | D:2      | Killed Natasha
  1531 | D:2      | Reached XP level 6. HP: 50/53 MP: 8/8
  1641 | D:2      | Noticed Jessica
  1649 | D:2      | Killed Jessica
  1812 | D:2      | Noticed Natasha
  1816 | D:2      | Killed Natasha
  1817 | D:2      | Reached skill level 5 in Maces & Flails
  2208 | D:2      | Killed Terence
  2527 | D:3      | Reached XP level 7. HP: 37/60 MP: 10/10
  2680 | D:3      | Found a sacrificial altar of Ru.
  2681 | D:3      | Found a radiant altar of Vehumet.
  3072 | D:3      | Found a runed translucent door.
  3073 | D:3      | Noticed Crazy Yiuf
  3243 | D:3      | Killed Crazy Yiuf
  3534 | D:4      | Found a white marble altar of Elyvilon.
  3540 | D:4      | Found a broken altar of Ashenzari.
  3545 | D:4      | Found a sparkling altar of Nemelex Xobeh.
  3550 | D:4      | Became a worshipper of Ashenzari the Shackled
  3891 | D:4      | Noticed Ijyb
  3891 | D:4      | Paralysed by Ijyb for 7 turns
  3902 | D:4      | Paralysed by Ijyb for 7 turns
  3913 | D:4      | Paralysed by Ijyb for 7 turns
  3923 | D:4      | Paralysed by Ijyb for 2 turns
  3926 | D:4      | Paralysed by Ijyb for 7 turns
  3935 | D:4      | Killed Ijyb
  3939 | D:4      | HP: 3/60 [black bear (3)]
  3942 | D:4      | HP: 1/60 [orc/+1 short sword of speed (2)]
  3949 | D:4      | HP: 2/60 [orc wizard/+2 dagger of venom (1)]
  3950 | D:4      | Succumbed to an orc wizard's poison

Illustrated notes

Levels and vault maps discovered:
D:1:      dpeg_arrival_erosion, layout_basic,
          ebering_ecumenical_altar_sacrificial
D:2:      layout_loops_ring, hangedman_decor_points, grunt_decor_mini_mirrors,
          st_stairs_4, minmay_goblin_kobold_house, uniq_natasha, uniq_jessica,
          uniq_sigmund, uniq_terence
D:3:      layout_basic, mainiacjoe_overflow_divided_tiny, minivault_27,
          kennysheep_pointless_box, kennysheep_generic_room_14,
          uniq_crazy_yiuf_cottage
D:4:      layout_gridville, minmay_overflow_temple_star_quad, uniq_ijyb

Skill      XL: |  1  2  3  4  5  6  7 |
---------------+----------------------+-----
Short Blades   | 1 2 |  2.6
Long Blades    | 1 2 |  2.6
Axes           | 1 2 |  2.6
Polearms       | 1 2 |  2.6
Staves         | 1 2 |  2.6
Slings         | 3 |  3.7
Bows           | 1 2 |  2.6
Crossbows      | 1 2 |  2.6
Throwing       | 1 2 |  2.6
Armour         | 1 2 |  2.6
Dodging        | 1 2 |  2.6
Shields        | 1 2 |  2.6
Unarmed Combat | 1 2 |  2.6
Spellcasting   | 1 2 |  2.6
Conjurations   | 1 2 |  2.1
Hexes          | 1 2 |  2.1
Summonings     | 1 2 |  2.1
Necromancy     | 1 2 |  2.1
Translocations | 1 2 |  2.1
Transmutations | 1 2 |  2.1
Fire Magic     | 1 2 |  2.1
Ice Magic      | 1 2 |  2.1
Air Magic      | 1 2 |  2.1
Earth Magic    | 1 2 |  2.1
Poison Magic   | 1 2 |  2.1
Invocations    | 1 2 3 |  3.0
Stealth        | 3 |  3.6
Maces & Flails | 5 |  5.3
Fighting       | 7 |  7.1
Evocations     | 7 |  7.1

Action                   |  1- 3 |  4- 6 |  7- 9 || total
-------------------------+-------+-------+-------++-------
Melee: Mace              |    51 |    17 |       ||    68
       Bite              |     4 |     4 |     5 ||    13
       Quarterstaff      |       |    62 |    77 ||   139
       Punch             |       |     1 |       ||     1
 Stab: Sleeping          |     6 |     2 |       ||     8
Armor: Robe              |     5 |       |       ||     5
       Ring mail         |     4 |    40 |    74 ||   118
Dodge: Dodged            |    19 |    51 |    46 ||   116
